 Dungeon Crawl Stone Soup version 0.19-a0-1676-g39ae8cc (webtiles) character file.

971 crauler the Chopper (level 8, -3/162 HPs)
             Began as a Naga Gladiator on Sept 23, 2016.
             Was an Initiate of Gozag.
             Slain by Amnesiac's ghost (11 damage)
             ... on level 6 of the Dungeon.
             The game lasted 00:17:14 (5779 turns).

crauler the Chopper (Naga Gladiator)                Turns: 5779, Time: 00:17:15

Health: -3/162     AC: 24    Str: 22    XL:     8   Next: 16%
Magic:  8/8        EV:  1    Int:  8    God:    Gozag
Gold:   383        SH:  0    Dex: 15    Spells: 0 memorised, 7 levels left

rFire  . . .     SeeInvis +     a - +0 war axe
rCold  . . .     Gourm    .     (armour currently unavailable)
rNeg   + + +     Faith    .     (no shield)
rPois  +         Spirit   .     (helmet currently unavailable)
rElec  .         Dismiss  .     (cloak currently unavailable)
rCorr  +         Reflect  .     (gloves currently unavailable)
MR     +....     Harm     .     (no barding)
Stlth  .......... NoTele   +    (no amulet)
                                h - ring of resist corrosion
                                D - +3 ring of evasion

@: mighty, berserking, liquid flames, tree-form, glowing, very quick
A: see invisible, (deformed body), (poison resistance), (slowness 0), slow
metabolism 1, spit poison 1, AC +2
a: Spit Poison, Potion Petition, Call Merchant, Bribe Branch, Renounce Religion


You were on level 6 of the Dungeon.
You worshipped Gozag.
Gozag was aware of your devotion.
You were hungry.
You were a tree.
You visited 1 branch of the dungeon, and saw 6 of its levels.

You collected 409 gold pieces.
You paid 26 gold pieces to Gozag.

Inventory:

Hand Weapons
 a - a +0 war axe (weapon)
 b - a +1 whip of venom
 j - a +1 blowgun
Missiles
 d - 2 throwing nets (quivered)
 y - 29 poisoned needles
 E - 2 tomahawks of dispersal
Armour
 c - a +0 helmet (melded)
 n - a +0 scale mail (melded)
 H - a +1 cloak (melded)
Jewellery
 h - a ring of resist corrosion (right branch)
 l - an uncursed ring of wizardry
 q - an uncursed ring of magical power
 w - an uncursed ring of positive energy
 D - a +3 ring of evasion (left branch)
Wands
 r - a wand of teleportation (0/9)
 u - a wand of confusion (37/48)
 x - a wand of random effects (30/48)
 C - a wand of random effects (32/48)
Scrolls
 i - a scroll of recharging
 k - 2 scrolls of fear
 m - a scroll of remove curse
 A - a scroll of enchant weapon
 G - a scroll of enchant armour
Potions
 e - a potion of mutation
 g - a potion of resistance
 p - 3 potions of magic
 t - 2 potions of haste {unknown}
 B - a potion of heal wounds {unknown}
Comestibles
 f - 3 bread rations
 o - 7 fruits
 v - a meat ration
 F - a beef jerky


   Skills:
 + Level 4.2 Fighting
 * Level 6.5 Axes
 - Level 1.7 Throwing
 + Level 3.1 Armour
 + Level 4.2 Dodging


You had 7 spell levels left.
You didn't know any spells.

Dungeon Overview and Level Annotations

Branches:
Dungeon (6/15)             Temple (0/1) D:4

Altars:
Ashenzari
Gozag
Makhleb
Qazlal
Xom
Zin

Annotations:
D:3 1 runed door
D:6 Amnesiac's ghost, novice OgFE


Innate Abilities, Weirdness & Mutations

You cannot wear boots.
((Your serpentine skin is tough. (AC +2)))
You have supernaturally acute eyesight. (SInv)
((Armour fits poorly on your strangely shaped body.))
((Your system is resistant to poisons. (rPois)))
((You cover ground very slowly.))
You have a slow metabolism.
You can spit poison.


Message History

You are covered in liquid flames!
* * * LOW HITPOINT WARNING * * *
Amnesiac's ghost sprays you with burning goo.
The sticky flame hits you!
You are covered in liquid flames!
It was a potion of berserk rage.
A red film seems to cover your vision as you go berserk!
You feel yourself moving faster!
You feel mighty!
You are covered in liquid flames!
* * * LOW HITPOINT WARNING * * *
Amnesiac's ghost completely misses you.
You hit Amnesiac's ghost.
Amnesiac's ghost is severely damaged.
You are covered in liquid flames!
* * * LOW HITPOINT WARNING * * *
Amnesiac's ghost hits you.
* * * LOW HITPOINT WARNING * * *
You are electrocuted!
You die...
Your body crumbles into a pile of gold.

....#.###.# ## ....
#. ##.##
.#.#.#.##...# #
....(....###
###......o.##
##...$#W..####.#
####...#......#
####.#.###..#
#♣W..#.. .# #########
.. o. ### ## ##.#
≈≈#+#≈≈ ...## ≈8.8≈
### ....## ≈...≈ #.#
.....###8.8# #.#
##.###.#...####.#####


You could see Amnesiac's ghost.

Vanquished Creatures
  Edmund (D:5)
  An orc warrior (D:6)
  A sky beast (D:5)
  An ogre (D:5)
  2 scorpions (D:4)
  2 crimson imps (D:5)
  A howler monkey (D:6)
  2 hounds (D:6)
  2 centaur skeletons
  2 jellies
  2 worker ants
  3 adders
  An ooze (D:3)
  An adder zombie (D:5)
  2 worms
  A dart slug (D:2)
  5 leopard geckos
  14 orcs
  A ball python (D:3)
  9 bats
  4 giant cockroaches
  7 goblins
  8 hobgoblins
  7 jackals
  13 kobolds
  6 quokkas
  7 frilled lizards
  7 rats
113 creatures vanquished.

Notes
Turn   | Place    | Note
-------+----------+-------------------------------------------
     0 | D:1      | crauler the Naga Gladiator began the quest for the Orb.
     0 | D:1      | Reached XP level 1. HP: 19/19 MP: 1/1
     2 | D:1      | Noticed a merfolk
     2 | D:1      | Noticed an ogre
     4 | D:1      | Noticed an elf
     4 | D:1      | Noticed a human
     6 | D:1      | Noticed a minotaur
     6 | D:1      | Noticed a spriggan
     8 | D:1      | Noticed a halfling
     8 | D:1      | Noticed an octopode
    10 | D:1      | Noticed a vampire
    10 | D:1      | Noticed a demigod
    12 | D:1      | Noticed a dwarf
    12 | D:1      | Noticed a formicid
    14 | D:1      | Noticed a demonspawn
    14 | D:1      | Noticed a draconian
    16 | D:1      | Noticed a ghoul
    18 | D:1      | Noticed a gargoyle
    18 | D:1      | Noticed a vine stalker
    20 | D:1      | Noticed a naga
    22 | D:1      | Noticed a centaur
    24 | D:1      | Noticed a troll
    24 | D:1      | Noticed a tengu
    26 | D:1      | Noticed a felid
   446 | D:1      | Reached XP level 2. HP: 22/26 MP: 2/2
   834 | D:1      | Reached XP level 3. HP: 22/32 MP: 3/3
   835 | D:1      | Reached skill level 1 in Armour
  1879 | D:2      | Reached XP level 4. HP: 17/40 MP: 4/4
  2877 | D:3      | Reached skill level 4 in Axes
  2911 | D:3      | Found a glowing silver altar of Zin.
  2912 | D:3      | Noticed an angel
  2917 | D:3      | Found a runed door.
  3178 | D:3      | Reached XP level 5. HP: 33/48 MP: 5/5
  3409 | D:3      | Found a shattered altar of Ashenzari.
  3463 | D:3      | Found an opulent altar of Gozag.
  3464 | D:3      | Found a burning altar of Makhleb.
  3500 | D:3      | Became a worshipper of Gozag Ym Sagoz the Greedy
  3766 | D:4      | Found a stormy altar of Qazlal.
  4182 | D:4      | Found a staircase to the Ecumenical Temple.
  4287 | D:4      | Reached XP level 6. HP: 45/56 MP: 6/6
  4452 | D:4      | Found a shimmering altar of Xom.
  4477 | D:4      | Reached skill level 5 in Axes
  4748 | D:5      | Entered Level 5 of the Dungeon
  4849 | D:5      | Noticed a sky beast
  4872 | D:5      | Killed a sky beast
  4872 | D:5      | Reached XP level 7. HP: 9/62 MP: 7/7
  5327 | D:5      | Noticed Edmund
  5344 | D:5      | Killed Edmund
  5344 | D:5      | Reached skill level 6 in Axes
  5436 | D:6      | Reached XP level 8. HP: 39/72 MP: 8/8
  5723 | D:6      | Noticed Amnesiac's ghost (novice OgFE)
  5779 | D:6      | HP: 8/162 [Amnesiac's ghost (3)]
  5779 | D:6      | Slain by Amnesiac's ghost

Vault maps used:
D:1:      kb_arrival_jail, minmay_misc_feat_cross, minmay_quantized
D:2:      minmay_pentomino_r2
D:3:      gammafunk_temple_overflow_forgotten, st_stairs_5, lemuel_angel_altar
D:4:      xom_butterflies, kennysheep_nub, grunt_qazlal_clouds
D:5:      first_bread, uniq_edmund
D:6:      kennysheep_orc_sif_temple, uniq_crazy_yiuf_cottage

Skill      XL: |  1  2  3  4  5  6  7 |
---------------+----------------------+-----
Armour         | 1 2 3 |  3.1
Axes           | 4 5 6 |  6.5
Dodging        | 3 4 |  4.2
Fighting       | 3 4 |  4.2
Throwing       | |  1.7

Action                   |  1- 3 |  4- 6 |  7- 9 || total
-------------------------+-------+-------+-------++-------
Melee: War axe           |   134 |    62 |    27 ||   223
       Whip              |       |   162 |    79 ||   241
Throw: Throwing net      |       |     1 |     1 ||     2
 Abil: Spit Poison       |       |       |     3 ||     3
Evoke: Wand              |       |       |     5 ||     5
  Use: Potion            |     1 |       |     4 ||     5
       Scroll            |       |    11 |     5 ||    16
 Stab: Distracted        |       |       |     1 ||     1
  Eat: Chunk             |     2 |     4 |       ||     6
       Fruit             |       |     2 |       ||     2
       Bread ration      |       |     1 |       ||     1
Armor: Ring mail         |    16 |       |       ||    16
       Leather armour    |     1 |       |       ||     1
       Scale mail        |    44 |    92 |    40 ||   176
       Skin              |       |       |     5 ||     5
Dodge: Dodged            |    78 |    99 |    45 ||   222
